 Dungeon Crawl Stone Soup version 0.18.1-48-g4cf74bf (webtiles) character file.

14 KingGeedorah the Ruffian (level 2, 0/23 HPs)
             Began as a Draconian Transmuter on July 21, 2016.
             Succumbed to an adder's poison
             ... on level 2 of the Dungeon.
             The game lasted 00:00:40 (745 turns).

KingGeedorah the Ruffian (Draconian Transmuter)      Turns: 745, Time: 00:00:41

Health: 0/23       AC:  4    Str: 12    XL:     2   Next: 27%
Magic:  5/5        EV: 12    Int: 13    God:
Gold:   39         SH:  0    Dex: 11    Spells: 2 memorised, 2 levels left

rFire  . . .     SeeInvis .       - Unarmed
rCold  . . .     Gourm    .     (armour unavailable)
rNeg   . . .     Faith    .     (no shield)
rPois  .         Spirit   .     (helmet restricted)
rElec  .         Dismiss  .     (no cloak)
rCorr  .         Reflect  .     (no gloves)
SustAt .         Harm     .     (no boots)
MR     .....                    (no amulet)
Stlth  +.........               (no ring)
                                (no ring)

@: lethally poisoned (0 -> -15), not resistant to hostile enchantments, very
unstealthy
A: unfitting armour, cold-blooded, AC +4
a: no special abilities


You were on level 2 of the Dungeon.
You were not hungry.

You visited 1 branch of the dungeon, and saw 2 of its levels.

You collected 39 gold pieces.

Inventory:

Missiles
 a - 12 arrows
Scrolls
 g - 2 scrolls of identify {unknown}
 k - a scroll of magic mapping {unknown}
Potions
 d - a potion of cure mutation {unknown}
 e - 2 potions of might {unknown}
 f - 2 potions of curing {unknown}
 h - a potion of degeneration {unknown}
 i - 2 potions of resistance {unknown}
 l - a potion of brilliance {unknown}
Books
 b - a book of Changes

   Spells                             Type                      Level
   a - Beastly Appendage              Transmutation                1
   b - Sticks to Snakes               Transmutation                2
   c - Spider Form                    Transmutation/Poison         3
   d - Ice Form                       Ice/Transmutation            4
   e - Blade Hands                    Transmutation                5
Comestibles
 c - 3 bread rations
 j - 2 meat rations


   Skills:
 - Level 1.1 Fighting
 - Level 1.7 Dodging
 - Level 3.0 Unarmed Combat
 - Level 2.0 Spellcasting
 + Level 3.0 Transmutations


You had 2 spell levels left.
You knew the following spells:

 Your Spells              Type           Power        Failure   Level  Hunger
a - Beastly Appendage     Trmt           #.....       10%         1    ##.....
b - Sticks to Snakes      Trmt           #.......     12%         2    ###....


Dungeon Overview and Level Annotations

Branches:
Dungeon (2/15)

Altars:


Innate Abilities, Weirdness & Mutations

Your plain brown scales are hard (AC +4).
Your body does not fit into most forms of armour.
You are cold-blooded and may be slowed by cold attacks.


Message History

You completely miss the adder.
Your tail-slap misses the adder.
The adder misses you. The adder closely misses you. x2
You barely miss the adder.
You feel sick. The adder closely misses you. The adder misses you.
You barely miss the adder. The adder bites you. The adder closely misses you.
The adder bites you.
You are lethally poisoned!
The adder poisons you!
You barely miss the adder.
You feel sick. The adder bites you.
* * * LOW HITPOINT WARNING * * *
You are more poisoned.
The adder poisons you! The adder barely misses you.
You are too injured to fight recklessly!
You are too injured to fight recklessly!
You are too injured to fight recklessly!
* * * LOW HITPOINT WARNING * * *
You feel sick. The adder barely misses you.
* * * LOW HITPOINT WARNING * * *
You feel sick.
You die...

## ## .#
...### .#
....##. #.S.#
### #S# ..#
#S## #.#
#..## #.#
##@.####.#
##..>...#####
######.....##
##..†..####
#####....#
#.##.##
#.##..#
#.<....
#####..


You could see 3 adders.

Vanquished Creatures
  A giant gecko (D:1)
  A bat (D:1)
  2 goblins (D:1)
  2 jackals (D:1)
  4 kobolds
  A giant newt (D:1)
11 creatures vanquished.

Notes
Turn   | Place    | Note
--------------------------------------------------------------
     0 | D:1      | KingGeedorah the Draconian Transmuter began the quest for the Orb.
     0 | D:1      | Reached XP level 1. HP: 16/16 MP: 3/3
   389 | D:1      | Reached XP level 2. HP: 17/23 MP: 5/5
   468 | D:1      | Learned a level 2 spell: Sticks to Snakes
   744 | D:2      | HP: 1/23 [poisoned by an adder]
   745 | D:2      | Succumbed to an adder's poison

Skill      XL: |  1  2 |
---------------+-------+-----
Transmutations | 3 |  3.0
Fighting       | |  1.1
Dodging        | |  1.7
Unarmed Combat | |  3.0
Spellcasting   | |  2.0

Action                   || total
-------------------------++-------
Melee: Unarmed           ||    39
       Tailslap          ||     2
       Punch             ||     1
Armor: Skin              ||    11
Dodge: Dodged            ||    31
